 Dungeon Crawl Stone Soup version 0.29.0-4-gdea44cf6ec (webtiles) character file.

Game seed: 4884393572601097684

186 qw the Chopper (level 5, -1/51 HPs)
             Began as a Gargoyle Berserker on Sept 7, 2022.
             Was a Believer of Trog.
             Slain by Duvessa
             ... wielding a +0 short sword
              (13 damage)
             ... on level 4 of the Dungeon.
             The game lasted 00:01:12 (3883 turns).

qw the Chopper (Gargoyle Berserker)                 Turns: 3883, Time: 00:01:12

Health: -1/51      AC:  6    Str: 22      XL:     5   Next: 66%
Magic:  5/5        EV: 11    Int:  8      God:    Trog [**....]
Gold:   167        SH:  0    Dex:  8 (9)  Spells: 4/4 levels left

rFire   . . .      SeeInvis .   Y - +2 hand axe
rCold   . . .      Faith    .   (no shield)
rNeg    + . .      Spirit   .   b - +0 animal skin
rPois   inf        Reflect  .   (no helmet)
rElec   +          Harm     .   (no cloak)
rCorr   .          Rampage  .   (no gloves)
Will    .....                   (no boots)
Stlth   ..........              g - amulet of regeneration
HPRegen 0.97/turn               (no ring)
MPRegen 0.09/turn               (no ring)

@: berserking (expiring), lit by a corona, glowing, very quick
A: sickness immunity, AC +4, negative energy resistance 1, electricity
resistance, torment resistance 1, petrification resistance
a: Renounce Religion, Berserk, Trog's Hand


You were on level 4 of the Dungeon.
You worshipped Trog.
Trog was pleased with you.
You visited 1 branch of the dungeon, and saw 4 of its levels.

You collected 167 gold pieces.


Innate Abilities, Weirdness & Mutations

You are immune to sickness and miasma.
Your stone body is resilient. (AC +4)
You are immune to poison.
You resist negative energy. (rN+)
You are resistant to electric shocks. (rElec)
You are resistant to unholy torment.
You are immune to petrification.


   Skills:
 - Level 4.5 Fighting
 + Level 5.0 Axes
 - Level 2.1 Armour
 - Level 1.5 Dodging


You had 4 spell levels left.
You didn't know any spells.
Your spell library was empty.

Inventory:

Hand Weapons
 h - a +1 whip of freezing
 Y - a +2 hand axe (weapon)
Armour
 b - a +0 animal skin (worn)
Jewellery
 g - an amulet of regeneration (around neck)
Scrolls
 a - 2 scrolls of teleportation
Potions
 c - a potion of curing
 d - a potion of might {unknown}
 j - a potion of ambrosia {unknown}
 k - a potion of haste {unknown}
 l - a potion of attraction {unknown}

Dungeon Overview and Level Annotations

Branches:
Dungeon (4/15)
 Temple: D:4-7

Altars:
Xom

Shops:
D:2 :

Annotations:
D:2 1 runed translucent door, Crazy Yiuf
D:4 Duvessa


Message History

Duvessa hits you with a +0 short sword. Dowan closely misses you.
You hit Duvessa but do no damage.
Duvessa is moderately wounded.
You slash Dowan! Duvessa hits you with a +0 short sword.
Dowan casts a spell at you.
You are outlined in light.
You slash Dowan!
Dowan is almost dead.
You hit Duvessa but do no damage. Duvessa hits you with a +0 short sword.
Dowan closely misses you.
You completely miss Dowan.
Dowan is almost dead.
You hit Duvessa but do no damage. You completely miss Dowan.
Dowan is almost dead.
You slash Duvessa! Duvessa barely misses you.
Dowan hits you but does no damage.
You slash Dowan!
You kill Dowan!
Trog accepts your kill.
Trog appreciates your killing of a magic user.
Duvessa screams, "No!
How DARE you!"
Duvessa goes berserk!
You hit Duvessa but do no damage. Duvessa closely misses you.
You feel your intelligence returning.
Your Fighting skill increases to level 4!
You slash Duvessa!
Duvessa is severely wounded.
Duvessa barely misses you.
You hit Duvessa but do no damage.
Duvessa is severely wounded.
Duvessa hits you with a +0 short sword! x2
You slash Duvessa!
Duvessa is almost dead.
Duvessa hits you but does no damage.
You hit Duvessa but do no damage.
Duvessa is almost dead.
Duvessa hits you with a +0 short sword!
You die...

.. .. . #
#.##########
#..###
#......<...#
$#...
#..#######.##...
#..@#.# #.#.e).#
##.#.#.....#
##.##.##### ##
.# e# .. .. ##


You could see Duvessa (berserk).

Vanquished Creatures
  Dowan (D:4)
  Natasha (thrice) (D:3)
  An adder (D:3)
  3 ball pythons
  7 endoplasms
  4 giant cockroaches
  5 goblins
  A hobgoblin (D:4)
  4 jackals (D:1)
  3 quokkas
  3 bats
  6 frilled lizards
  7 kobolds
  11 rats
59 creatures vanquished.

Notes
Turn   | Place    | Note
-------+----------+-------------------------------------------
     0 | D:1      | qw the Gargoyle Berserker began the quest for the Orb.
     0 | D:1      | Reached XP level 1. HP: 14/14 MP: 1/1
     0 | D:1      | 0 ||| qw: Version: 0.1-a-108-g9e35731
     0 | D:1      | 0 ||| qw: Game counter: 6439
     0 | D:1      | 0 ||| qw: Always use a shield: true
     0 | D:1      | 0 ||| qw: Do Orc after D:15 true
     0 | D:1      | 0 ||| qw: Do second Lair branch before Depths: true
     0 | D:1      | 0 ||| qw: Lair rune preference: random
     0 | D:1      | 0 ||| qw: Plans: Normal
     0 | D:1      | 0 ||| PLANNING D:1-11
    71 | D:1      | 71 ||| INVOKING Berserk.
   359 | D:1      | Reached skill level 3 in Axes
   449 | D:1      | Reached XP level 2. HP: 19/19 MP: 2/2
   546 | D:1      | 546 ||| Stepping ~*~*~tactically~*~*~ (stealth).
   788 | D:1      | 788 ||| Stepping ~*~*~tactically~*~*~ (stealth).
   907 | D:1      | 907 ||| INVOKING Berserk.
   907 | D:1      | HP: 4/28 [quokka (4)]
   911 | D:1      | HP: 1/28 [quokka (2)]
   994 | D:1      | 994 ||| INVOKING Berserk.
  1199 | D:1      | 1199 ||| Stepping ~*~*~tactically~*~*~ (stealth).
  1201 | D:1      | 1201 ||| Stepping ~*~*~tactically~*~*~ (stealth).
  1207 | D:1      | Reached XP level 3. HP: 23/23 MP: 3/3
  1335 | D:1      | You fall into a shaft and drop 1 floor!
  1336 | D:2      | 1336 ||| UPGRADING to amulet of regeneration.
  1341 | D:2      | 1341 ||| READING scroll labelled ROENAMEC IKOXO.
  1342 | D:2      | 1342 ||| READING scroll labelled ZEROHY IPRIESS.
  1343 | D:2      | 1343 ||| READING scroll labelled CATAUTR RIMIAWK.
  1344 | D:2      | 1344 ||| READING scroll labelled PIURHU NAWIKU.
  1348 | D:2      | 1348 ||| READING scroll labelled QEXIACA FAEPNEGE.
  1349 | D:2      | 1349 ||| DRINKING 2 bubbling inky potions.
  1350 | D:2      | 1350 ||| DROPPING potion of degeneration.
  1481 | D:1      | Reached ** piety under Trog
  1578 | D:1      | Reached skill level 4 in Axes
  1688 | D:2      | 1688 ||| STAIRDANCE
  1856 | D:2      | Found a shimmering altar of Xom.
  2014 | D:2      | Found Sesse's Book Emporium.
  2135 | D:2      | Found a faded altar of an unknown god.
  2300 | D:2      | Found a runed translucent door.
  2301 | D:2      | Noticed Crazy Yiuf
  2353 | D:2      | 2353 ||| READING scroll labelled JETOUXT ILEKHATO.
  2454 | D:2      | 2454 ||| DRINKING 3 viscous yellow potions.
  2489 | D:2      | 2489 ||| DROPPING 2 potions of lignification.
  2556 | D:3      | 2556 ||| READING scroll of enchant weapon.
  2556 | D:3      | 2556 ||| ENCHANTING +1 hand axe.
  2604 | D:3      | Reached XP level 4. HP: 28/28 MP: 4/4
  2731 | D:3      | Noticed Natasha
  2732 | D:3      | 2732 ||| Stepping ~*~*~tactically~*~*~ (hiding).
  2734 | D:3      | 2734 ||| INVOKING Berserk.
  2756 | D:3      | Killed Natasha
  2976 | D:3      | Noticed Natasha
  2979 | D:3      | 2979 ||| INVOKING Berserk.
  2981 | D:3      | Killed Natasha
  3204 | D:3      | Reached skill level 5 in Axes
  3449 | D:3      | Noticed Natasha
  3453 | D:3      | 3453 ||| INVOKING Berserk.
  3458 | D:3      | Killed Natasha
  3459 | D:3      | Reached XP level 5. HP: 33/33 MP: 5/5
  3697 | D:3      | 3697 ||| READING scroll labelled CULAPNEBRU.
  3698 | D:3      | 3698 ||| READING scroll labelled CAIJOI ALOQE.
  3699 | D:3      | 3699 ||| READING scroll labelled UTORHAXKOR.
  3700 | D:3      | 3700 ||| READING scroll labelled DAORUNID ESABI.
  3701 | D:3      | 3701 ||| DRINKING 2 green potions.
  3702 | D:3      | 3702 ||| DRINKING 2 lumpy orange potions.
  3806 | D:3      | 3806 ||| DROPPING potion of berserk rage.
  3859 | D:4      | Noticed Duvessa
  3860 | D:4      | 3860 ||| Stepping ~*~*~tactically~*~*~ (stealth).
  3861 | D:4      | Noticed Dowan
  3864 | D:4      | 3864 ||| Stepping ~*~*~tactically~*~*~ (hiding).
  3866 | D:4      | 3866 ||| INVOKING Berserk.
  3879 | D:4      | Killed Dowan
  3881 | D:4      | HP: 11/51 [Duvessa/+0 short sword (12)]
  3883 | D:4      | Slain by Duvessa

Levels and vault maps discovered:
D:1:      tarquinn_simple_flora_water_c, layout_basic
D:2:      layout_loops_ring, basic_altar, serial_shops,
          nicolae_shop_window_shopping,
          shapermc_ecumenical_altar_mp_ritualfount, minivault_25,
          uniq_crazy_yiuf_cottage
D:3:      layout_loops_corners, uniq_natasha
D:4:      layout_loops_cross, ebering_ghost_disaster_area, uniq_ijyb,
          uniq_duvessa

Skill      XL: |  1  2  3  4  5 |
---------------+----------------+-----
Axes           | 3 4 5 |  5.0
Fighting       | 4 |  4.5
Armour         | |  2.1
Dodging        | |  1.5

Action                   |  1- 3 |  4- 6 || total
-------------------------+-------+-------++-------
Melee: Hand axe          |   160 |    64 ||   224
       Punch             |     2 |       ||     2
Invok: Berserk           |     3 |     4 ||     7
  Use: Scroll            |     7 |     4 ||    11
       Potion            |     2 |     2 ||     4
Armor: Animal skin       |    48 |     9 ||    57
Dodge: Dodged            |    78 |    19 ||    97

Table legend:
 A = Non-vault XP
 B = Vault XP
 C = Vault XP percentage of total XP
 D = Non-vault monster count
 E = Vault monster count
 F = Vault count percentage of total count
                 A         B        C        D         E       F
            +---------+---------+-------+---------+---------+-------
      Total |     164 |     103 |  38.6 |      57 |       2 |   3.4
            +---------+---------+-------+---------+---------+-------
        D:1 |      51 |       0 |   0.0 |      32 |       0 |   0.0
        D:2 |      17 |       0 |   0.0 |      11 |       0 |   0.0
        D:3 |      94 |      36 |  27.7 |      13 |       1 |   7.1
        D:4 |       2 |      67 |  97.1 |       1 |       1 |  50.0
            +---------+---------+-------+---------+---------+-------
